 Dungeon Sprint DCSS version 0.29-a0-284-gf9362112df (webtiles) character file.

Game seed: 8444525868778018112

6 flyleaff the Skirmisher (level 1, -2/20 HPs)
             Began as a Minotaur Monk on Mar 18, 2022.
             Splashed by a jelly's acid (6 damage)
             ... in the Dungeon (Sprint IX: "|||||||||||||||||||||||||||||").
             The game lasted 00:00:15 (90 turns).

flyleaff the Skirmisher (Minotaur Monk)               Turns: 90, Time: 00:00:16

Health: -2/20      AC: -1    Str: 15    XL:     1   Next: 75%
Magic:  0/0        EV: 13    Int:  7    God:
Gold:   0          SH:  0    Dex: 12    Spells: 0/0 levels left

rFire   . . .      SeeInvis .     - Unarmed
rCold   . . .      Faith    .   (no shield)
rNeg    . . .      Spirit   .   a - +0 robe
rPois   .          Reflect  .   (helmet restricted)
rElec   .          Harm     .   (no cloak)
rCorr   .          Rampage  .   (no gloves)
Will    .....      NoTele   +   (no boots)
Stlth   ++........              (no amulet)
HPRegen 0.06/turn               (no ring)
MPRegen 0.07/turn               (no ring)

@: corroded
A: horns 2, retaliatory headbutt
a: no special abilities


You were in the Dungeon.
You visited 1 branch

Inventory:

Armour
 a - a +0 robe (worn)
Scrolls
 h - a scroll of blinking
Potions
 b - a potion of ambrosia
 c - a potion of curing
 d - a potion of heal wounds
 e - a potion of haste
 f - 2 potions of magic
 g - a potion of berserk rage


   Skills:
 + Level 4.1 Fighting
 + Level 1.6 Armour
 + Level 3.7 Dodging
 - Level 1.5 Stealth
 * Level 4.1 Unarmed Combat


You couldn't memorise any spells.
You didn't know any spells.
Your spell library was empty.

Dungeon Overview and Level Annotations

Branches:
Dungeon (1/1)

Altars:


Innate Abilities, Weirdness & Mutations

You have a pair of horns on your head.
You reflexively headbutt those who attack you in melee.


Message History

No target in view!
No target in view!
No target in view!
No target in view!
No target in view!
HP restored.
You open the door.
A scorpion, an orc wizard, a quokka, an iguana and a jelly come into view.
The orc wizard shouts!
The jelly quivers.
The iguana hisses angrily.
You hit the jelly.
Your hands burn!
The jelly is moderately wounded.
The jelly hits you.
You are splashed with acid!
You are too injured to fight recklessly!
You are too injured to fight recklessly!
You are too injured to fight recklessly!
You are too injured to fight recklessly!
You are too injured to fight recklessly!
You are too injured to fight recklessly!
You are too injured to fight recklessly!
You are too injured to fight recklessly!
You are too injured to fight recklessly!
You are too injured to fight recklessly!
You are too injured to fight recklessly!
You are too injured to fight recklessly!
You are too injured to fight recklessly!
You are too injured to fight recklessly!
You are too injured to fight recklessly!
You are too injured to fight recklessly!
You are too injured to fight recklessly!
You are too injured to fight recklessly!
You hit the jelly. The acid corrodes you!
Your hands burn!
* * * LOW HITPOINT WARNING * * *
Your headbutt misses the jelly.
The jelly is severely wounded.
The jelly hits you.
* * * LOW HITPOINT WARNING * * *
You are splashed with acid.
You die... ▓▓▓▓▓▓▓▓▓▓▓▓▓▓▓▓▓▓ +s.orlJ@...†'...<▓ ▓▓▓▓▓▓▓▓▓▓▓▓▓▓▓▓▓▓

You could see a scorpion, an iguana, a jelly, an orc wizard and a quokka.

Vanquished Creatures
  A ball python (D)
  2 endoplasms (D)
  A hobgoblin (D)
  A frilled lizard (D)
5 creatures vanquished.

Notes
Turn   | Place    | Note
-------+----------+-------------------------------------------
     0 | D        | flyleaff the Minotaur Monk began the quest for the Orb.
     0 | D        | Reached XP level 1. HP: 19/19 MP: 0/0
    10 | D        | Reached skill level 1 in Armour
    88 | D        | Noticed a scorpion
    88 | D        | Noticed an orc wizard
    88 | D        | Noticed an iguana
    88 | D        | Noticed a jelly
    90 | D        | Splashed by a jelly's acid

Illustrated notes

Levels and vault maps discovered:
D:        linesprint [early_d, line_temple, items_1, d_10, items_2, lair_1,
          lair_end, items_3, orc_1, orc_end, items_4, d_15, swamp_1, shoals_1,
          snake_1, spider_1, d_20, vaults_1, items_5, swamp_end, shoals_end,
          snake_end, spider_end, vaults_end, d_27, items_6, zot_1, zot_end,
          crypt_end, forest_end, elf_end, slime_end, tomb_end, abyss_end,
          pan_hell_end]

Skill      XL: |  1 |
---------------+----+-----
Armour         | 1 |  1.6
Fighting       | 4 |  4.1
Unarmed Combat | 4 |  4.1
Dodging        | |  3.7
Stealth        | |  1.5

Action                   || total
-------------------------++-------
Melee: Unarmed           ||    11
Armor: Robe              ||     1
Dodge: Dodged            ||     6

Table legend: (Time is in decaauts)
 A = Elapsed time spent in this place.
 B = Non-inter-level travel time spent in this place.
 C = Inter-level travel time spent in this place.
 D = Time resting spent in this place.
 E = Time spent auto-exploring this place.
 F = Levels seen in this place.
 G = Mean time per level.
                   A        B        C        D        E       F      G
               +--------+--------+--------+--------+--------+-----+--------+
         Total |     89 |     89 |      0 |      0 |     76 |   1 |   89.0 |
       Dungeon |     89 |     89 |      0 |      0 |     76 |   1 |   89.0 |
               +--------+--------+--------+--------+--------+-----+--------+

Top non-repeatable levels by time:
       D: 89 daAuts
